 Dungeon Crawl Stone Soup version 0.25-a0-378-gd2ca0b7745 (webtiles) character file.

Game seed: 203850130195352462, levelgen mode: deterministic

314724 PentaManta the Peltast (level 20, -11/152 HPs)
             Began as a Minotaur Fighter on Jan 7, 2020.
             Was the Champion of Qazlal.
             Killed by divine providence
             ... invoked by a meliai
              (16 damage)
             ... on level 3 of the Abyss.
             The game lasted 01:55:09 (37998 turns).

PentaManta the Peltast (Minotaur Fighter)          Turns: 37998, Time: 01:55:14

Health: -11/152    AC: 24    Str: 28 (29) XL:     20   Next: 49%
Magic:  0/15       EV: 22    Int:  1      God:    Qazlal [******]
Gold:   3549       SH: 38    Dex: 15      Spells: 19/19 levels left

rFire    . . .     SeeInvis .   Y - +0 war axe (vamp)
rCold    . . .     Gourm    .   Z - +0 large shield
rNeg     . . .     Faith    .   i - +1 swamp dragon scales
rPois    +         Spirit   .   p - +2 hat
rElec    .         Reflect  +   v - +2 cloak {+Inv}
rCorr    .         Harm     .   h - +2 pair of gloves {Dex+3}
MR       +....     Rnd*Rage +   e - +2 pair of boots {run} Stlth +.........Rnd*Tele +
                                Q - +6 amulet of reflection
HPRegen  0.00/turn              U - ring of Enulai {Str+6 Dex+3 Stlth+}
MPRegen  0.14/turn              L - +2 ring of slaying

@: about to teleport, marked, non-regenerating, diseased, hasted, repel
missiles, very quick
A: retaliatory headbutt, horns 2, [berserk 2], [blurry vision 1], [clumsy 2],
[deformed body], [deterioration 2], [dopey 2], [frail 2], [low mp 2], [screaming
3], [teleportitis 1], [weak 2], [no potion heal 3], [subdued magic 2]
}: 2/15 runes: serpentine, barnacled
a: Upheaval, Elemental Force, Disaster Area, Renounce Religion, Evoke
Invisibility


You were on level 3 of the Abyss.
You worshipped Qazlal.
Qazlal was exalted by your worship.
You were not hungry.

You visited 7 branches of the dungeon, and saw 35 of its levels.
You visited the Abyss 2 times.
You also visited: Ice Cave.

You collected 4247 gold pieces.
You spent 698 gold pieces at shops.

Inventory:

Hand Weapons
 j - a +0 broad axe
 k - a +2 war axe of electrocution
 o - a +3 war axe of venom
 u - a +1 hand axe of flaming
 Y - a +0 vampiric war axe (weapon)
Missiles
 A - 21 silver javelins (quivered)
 D - 122 javelins
 G - 3 curare-tipped darts
 V - 7 throwing nets
 X - 7 boomerangs of dispersal
Armour
 a - a +2 cloak of poison resistance
 e - a +2 pair of boots of running (worn)
 h - a +2 pair of gloves of dexterity (worn)
 i - +1 swamp dragon scales (worn)
 p - a +2 hat (worn)
 v - a +2 cloak of invisibility (worn)
 F - +0 acid dragon scales
 N - a +2 chain mail of magic resistance
 Z - a +0 large shield (worn)
Jewellery
 t - an uncursed ring of positive energy
 x - the ring "Fogoproa" {rF+ rC+ MR+ Str+4 Int+3}
   (You bought it in a shop on level 2 of the Orcish Mines)

   [ring of protection from cold]

   It affects your strength (+4).
   It affects your intelligence (+3).
   It protects you from fire.
   It protects you from cold.
   It affects your resistance to hostile enchantments.
 z - the ring "Poit" {rN+ Stlth+}
   (You found it on level 14 of the Dungeon)

   [ring of positive energy]

   It protects you from negative energy.
   It makes you more stealthy.
 K - an uncursed ring of see invisible
 L - a +2 ring of slaying (right hand)
 Q - a +6 amulet of reflection (around neck)
 T - an uncursed ring of protection from fire
 U - the ring of Enulai (left hand) {Str+6 Dex+3 Stlth+}
   (You found it on level 4 of the Lair of Beasts)

   [ring of stealth]

   It affects your strength (+6).
   It affects your dexterity (+3).
   It makes you more stealthy.
Wands
 c - a wand of digging (12)
 P - a wand of acid (10)
Scrolls
 b - 6 scrolls of fear
 l - 12 scrolls of teleportation
 n - 5 scrolls of enchant weapon
 q - 12 scrolls of remove curse
 y - 2 scrolls of enchant armour
 B - 12 scrolls of identify
 H - 4 scrolls of fog
 I - a scroll of amnesia
 R - 4 scrolls of blinking
 S - 5 scrolls of magic mapping
 W - a scroll of silence
Potions
 d - 3 potions of might
 g - 4 potions of flight
 m - 9 potions of agility
 r - 2 potions of haste
 s - a potion of cancellation
 w - 2 potions of ambrosia
 C - 2 potions of resistance
 E - 4 potions of heal wounds
 J - 3 potions of lignification
 M - 7 potions of mutation
 O - 2 potions of curing
Comestibles
 f - 41 rations


   Skills:
 + Level 19.2 Fighting
 - Level 18.0 Axes
 * Level 9.0 Throwing
 + Level 19.2 Armour
 + Level 17.6 Dodging
 + Level 19.4 Shields


You had 19 spell levels left.
You didn't know any spells.
Your spell library contained the following spells:

 Spells                   Type           Power        Failure   Level  Hunger
 Animate Skeleton         Necr           N/A          82%         1    ##.....
 Apportation              Tloc           #.....       82%         1    ##.....
 Confusing Touch          Hex            #.....       82%         1    ##.....
 Corona                   Hex            #......      82%         1    ##.....
 Foxfire                  Conj/Fire      #...         82%         1    ##.....
 Freeze                   Ice            #...         82%         1    ##.....
 Infusion                 Chrm           #...         82%         1    ##.....
 Magic Dart               Conj           #...         82%         1    ##.....
 Pain                     Necr           #...         82%         1    ##.....
 Sting                    Tmut/Pois      #...         82%         1    ##.....
 Summon Butterflies       Summ           #.......     82%         1    ##.....
 Summon Small Mammal      Summ           #...         82%         1    ##.....
 Blink                    Tloc           N/A          92%         2    ###....
 Call Imp                 Summ           #.......     92%         2    ###....
 Corpse Rot               Necr/Air       N/A          92%         2    ###....
 Ensorcelled Hibernation  Hex/Ice        #.....       92%         2    ###....
 Poisonous Vapours        Pois/Air       #.....       92%         2    ###....
 Searing Ray              Conj           #.....       92%         2    ###....
 Shroud of Golubria       Chrm/Tloc      #.....       92%         2    ###....
 Slow                     Hex            #.......     92%         2    ###....
 Song of Slaying          Chrm           #.......     92%         2    ###....
 Sublimation of Blood     Necr           #.........   92%         2    ###....
 Call Canine Familiar     Summ           #.......     99%         3    ####...
 Confuse                  Hex            #.......     99%         3    ####...
 Conjure Flame            Conj/Fire      #.......     99%         3    ####...
 Dazzling Flash           Conj/Hex       #.....       99%         3    ####...
 Gell's Gravitas          Tloc           #.........   99%         3    ####...
 Inner Flame              Hex/Fire       #.......     99%         3    ####...
 Lesser Beckoning         Tloc           #.........   99%         3    ####...
 Mephitic Cloud           Conj/Pois/Air  #.......     99%         3    ####...
 Ozocubu's Armour         Chrm/Ice       #.......     99%         3    ####...
 Portal Projectile        Hex/Tloc       #.....       99%         3    ####...
 Spectral Weapon          Hex/Chrm       #.......     99%         3    ####...
 Stone Arrow              Conj/Erth      #.....       99%         3    ####...
 Summon Guardian Golem    Hex/Summ       #.......     99%         3    ####...
 Tukima's Dance           Hex            #.......     99%         3    ####...
 Vampiric Draining        Necr           #.........   99%         3    ####...
 Animate Dead             Necr           N/A          100%        4    #####..
 Cause Fear               Hex            #.........   100%        4    #####..
 Hailstorm                Conj/Ice       #.......     100%        4    #####..
 Leda's Liquefaction      Hex/Erth       #.........   100%        4    #####..
 Petrify                  Tmut/Erth      #.......     100%        4    #####..
 Sticky Flame             Conj/Fire      #.......     100%        4    #####..
 Summon Ice Beast         Ice/Summ       #.......     100%        4    #####..
 Summon Lightning Spire   Summ/Air       #.......     100%        4    #####..
 Agony                    Necr           #.......     100%        5    ######.
 Alistair's Intoxication  Tmut/Pois      #.......     100%        5    ######.
 Aura of Abjuration       Summ           #.........   100%        5    ######.
 Bolt of Magma            Conj/Fire/Erth #.........   100%        5    ######.
 Borgnjor's Vile Clutch   Necr/Erth      #.........   100%        5    ######.
 Dispel Undead            Necr           #.......     100%        5    ######.
 Excruciating Wounds      Chrm/Necr      #.........   100%        5    ######.
 Fireball                 Conj/Fire      #.........   100%        5    ######.
 Irradiate                Conj/Tmut      #.........   100%        5    ######.
 Iskenderun's Battlesphe  Conj/Chrm      #.......     100%        5    ######.
 Metabolic Englaciation   Hex/Ice        #.........   100%        5    ######.
 Yara's Violent Unravell  Hex/Tmut       #.........   100%        5    ######.
 Freezing Cloud           Conj/Ice/Air   #.........   100%        6    #######
 Invisibility             Hex            #.......     100%        6    #######
 Shadow Creatures         Summ           N/A          100%        6    #######
 Statue Form              Tmut/Erth      #........    100%        6    #######
 Ring of Flames           Chrm/Fire      #.........   100%        7    #######
 Dragon's Call            Summ           #.........   100%        9    #######


Dungeon Overview and Level Annotations

Branches:
Dungeon (15/15)            Temple (1/1) D:4            Lair (6/6) D:10
 Shoals (4/4) Lair:4        Snake (4/4) Lair:4        Slime (0/5) Lair:5
    Orc (2/2) D:9             Elf (3/3) Orc:2        Vaults (0/5) D:14
  IceCv (visited)
 Depths: D:15

Altars:
Ashenzari
Cheibriados
Dithmenos
Elyvilon
Fedhas
Gozag
Hepliaklqana
Kikubaaqudgha
Makhleb
Nemelex Xobeh
Okawaru
Qazlal
Ru
Sif Muna
Trog
Uskayaw
Vehumet
Wu Jian
Xom
Yredelemnul
Zin
The Shining One
Beogh
Jiyva

Shops:
D:5 =   D:12 *   Orc:1 }   Orc:2 :(:*=

Annotations:
D:13 2 runed translucent doors, DerDa's ghost, journeyman VSFi
Lair:5 3 runed translucent doors, Gargoyl's ghost, journeyman CeAK


Innate Abilities, Weirdness & Mutations

You reflexively headbutt those who attack you in melee.
You have a pair of horns on your head.
[You often lose your temper in combat.]
[Scrolls take you a little longer to read.]
[You are very clumsy. (Dex -4)]
[Armour fits poorly on your strangely shaped body.]
[Your body often deteriorates upon taking damage.]
[You are very dopey. (Int -4)]
[You are very frail. (-20% HP)]
[Your magical capacity is very low. (-20% MP)]
[You frequently scream uncontrollably at your foes.]
[You are occasionally teleported next to monsters.]
[You are very weak. (Str -4)]
[Potions cannot restore your health.]
[Your spells are easier to cast, but less powerful.]


Message History

You block the meliai's attack. The meliai barely misses you.
The worldbinder misses you. x2
The wretched star pulses with an eldritch light!
You feel weaker.
You hear a roar! x2
Unknown command.
The meliai is struck by lightning.
The meliai invokes the aid of its god against you.
Something smites you!
* * * LOW HITPOINT WARNING * * *
The meliai invokes the aid of its god against you.
Something smites you!
* * * LOW HITPOINT WARNING * * *
Your body deteriorates!
You feel weakened.
The meliai mumbles some strange prayers to its god against you.
Something smites you!
* * * LOW HITPOINT WARNING * * *
The meliai invokes the aid of its god against you.
Something smites you!
You die...

...#...#.......#
.........v.....
#≈≈≈≈≈.....∩v*... .
≈≈≈≈≈≈....*.##. .≈♣ ≈
#.≈yyyvy..# #
≈.≈≈≈#§§≈.§*°°#.##..#
≈≈....#..yGyyy..#..##
≈≈ .#....34x°v..'...#
≈≈≈≈≈.##.†.c§p@§.....#
#.)...†..§.........
#...##†##..####.... #
. ..#.####/.## #$#
..## ...#....# # ## #.
.#..## #..##...# #
..#... . # . # . . ..


You could see an ironheart preserver, a spatial maelstrom, 3 wretched stars, 3
spatial vortices, a yaktaur, a worldbinder, an eye of draining, a neqoxec, a red
devil, 5 meliai and 3 killer bees.

Vanquished Creatures
  Vashnia (Snake:3)
  Nikola (Snake:1)
  Jorgrun (D:15)
  2 deep elf blademasters
  2 tentacled starspawn
  A kraken (Shoals:3)
  Frances (Snake:1)
  The ghost of CloudEater the Geomancer, an adept GrEE of Vehumet (Snake:2)
  Agnes (Elf:2)
  8 nagarajas
  Ilsuiw (Shoals:4)
  Roxanne (Snake:1)
  Aizul (Snake:3)
  Louise (Shoals:3)
  10 deep elf sorcerers (Elf:3)
  2 deep elf elementalists (Elf:3)
  2 very ugly things (Abyss:3)
  5 deep elf annihilators (Elf:3)
  3 deep elf demonologists
  Azrael (Snake:3)
  4 deep elf death magi
  5 dire elephants (Lair:6)
  8 merfolk javelineers
  Josephine (D:15)
  4 deep elf high priests
  5 merfolk impalers
  Erolcha (Orc:2)
  7 hydras
  The ghost of Ihumuem the Thaumaturge, a journeyman DECj of Vehumet (Lair:3)
  4 merfolk avatars
  3 catoblepae
  17 naga warriors
  5 merfolk aquamancers
  19 anacondas
  An alligator snapping turtle (Shoals:3)
  4 ogre magi (Orc:2)
  28 dancing weapons
  4 centaur warriors
  17 two-headed ogres
  A tengu warrior (D:14)
  4 death yaks
  6 shock serpents
  An orc high priest (Orc:2)
  11 naga sharpshooters
  Sonja (D:13)
  5 salamander mystics
  16 deep elf knights
  4 wretched stars
  25 sea snakes
  A sea snake (shapeshifter) (D:9)
  4 large abominations
  4 lindwurms (Snake:4)
  A wizard (D:15)
  8 deep elf archers
  A wolf spider zombie (D:15)
  5 naga ritualists
  16 harpies
  16 mana vipers
  3 orc sorcerers
  8 fauns
  18 manticores
  45 deep elf magi
  6 salamanders
  14 ugly things
  6 cyclopes
  A worldbinder (Abyss:3)
  9 guardian serpents
  11 merfolk sirens
  Psyche (D:8)
  6 water nymphs
  2 ice statues (IceCv)
  2 orange demons (Abyss:2)
  29 black mambas
  9 elephants
  3 smoke demons
  20 naga magi
  A torpor snail (Lair:3)
  14 spiny frogs
  Maggie (D:8)
  6 rime drakes
  A kobold demonologist (D:13)
  3 efreet
  10 komodo dragons
  2 ice devils (Lair:2)
  3 tengu conjurers
  6 wind drakes
  3 ancient zymes
  7 trolls
  A polar bear (Lair:6)
  30 merfolk
  A raiju (Abyss:2)
  10 snapping turtles
  21 blink frogs
  A harpy skeleton (D:14)
  15 dream sheep
  An air elemental (Elf:3)
  2 vampires (D:12)
  A ynoxinul (Abyss:2)
  2 flying skulls (Abyss:2)
  10 hippogriffs
  A spriggan (D:11)
  A shock serpent simulacrum (Abyss:2)
  15 water elementals
  8 wraiths
  3 wyverns
  5 basilisks
  37 yaks
  5 vampire mosquitoes
  7 fire elementals
  Menkaure (D:7)
  5 hungry ghosts
  42 nagas
  3 acid dragons
  3 small abominations
  A warg (Orc:1)
  4 hell hounds (Snake:3)
  12 water moccasins
  6 porcupines
  3 black bears
  A sky beast (D:8)
  3 eyes of draining
  12 ice beasts
  A necrophage (D:13)
  16 starcursed masses
  26 ogres
  A phantom (D:5)
  11 centaurs
  21 wolves
  10 orc warriors
  A boggart (shapeshifter) (Elf:1)
  12 crocodiles
  7 big kobolds
  22 bullfrogs
  Blork the orc (D:5)
  2 wyvern zombies
  3 earth elementals
  3 scorpions
  8 killer bees
  3 wights (D:11)
  2 electric eels (Lair:4)
  2 howler monkeys
  10 crimson imps
  2 bullfrog zombies
  2 quasits
  7 jellies
  3 bullfrog skeletons
  6 centaur zombies
  Crazy Yiuf (D:7)
  7 orc priests
  8 hounds
  20 orc wizards
  7 centaur skeletons
  3 iguanas
  13 worker ants
  A killer bee zombie (D:9)
  A hound skeleton (D:5)
  2 howler monkey zombies
  A howler monkey skeleton (D:9)
  A worker ant zombie (D:5)
  4 gnolls (Orc:2)
  14 adders
  8 shadow imps
  An ufetubus (Abyss:2)
  2 oozes
  2 adder skeletons
  3 worms
  2 dart slugs
  A leopard gecko (D:6)
  57 orcs
  4 giant cockroaches
  6 goblins
  4 hobgoblins
  7 jackals
  6 quokkas
  6 ball pythons
  6 bats
  3 frilled lizards
  30 kobolds
  A quokka zombie (D:9)
  7 rats
  A crawling corpse (Elf:3)
  A lurking horror (Abyss:2)
  6 plants
  2 starspawn tentacles (Abyss:2)
  3 tentacles (Shoals:3)
1271 creatures vanquished.

Vanquished Creatures (others)
  A deep elf master archer (Elf:3)
  Polyphemus (Shoals:4)
  A deep elf death mage (Elf:3)
  A merfolk javelineer (Shoals:4)
  A naga warrior (Snake:2)
  2 satyrs
  2 dancing weapons
  5 naga sharpshooters
  A salamander mystic (Snake:4)
  5 deep elf archers
  2 deep elf magi
  A mana viper (Snake:2)
  2 fauns
  A black mamba (Snake:2)
  A water nymph (Shoals:4)
  A naga mage (Snake:4)
  2 centaurs
  16 fungi
  37 plants
  6 starspawn tentacles
  5 tentacles (Shoals:3)
94 creatures vanquished.

Grand Total: 1365 creatures vanquished

Notes
Turn   | Place    | Note
-------+----------+-------------------------------------------
     0 | D:1      | PentaManta the Minotaur Fighter began the quest for the
                  | Orb.
     0 | D:1      | Reached XP level 1. HP: 19/19 MP: 0/0
   115 | D:1      | Reached XP level 2. HP: 24/26 MP: 1/1
   497 | D:2      | Reached XP level 3. HP: 23/31 MP: 2/2
   850 | D:3      | Reached XP level 4. HP: 22/39 MP: 3/3
  1365 | D:4      | Found a staircase to the Ecumenical Temple.
  1385 | Temple   | Entered the Ecumenical Temple
  1524 | Temple   | Became a worshipper of Qazlal Stormbringer
  1560 | D:4      | Reached skill level 5 in Axes
  1679 | D:4      | Reached XP level 5. HP: 28/45 MP: 4/4
  1817 | D:4      | Reached XP level 6. HP: 19/51 MP: 5/5
  2200 | D:4      | Found an iron altar of Okawaru.
  2310 | D:4      | Got a pitted falchion
  2311 | D:4      | Identified the +5 falchion of Trial by Ordeal {flame,
                  | Dex+2} (You found it on level 4 of the Dungeon)
  2407 | D:5      | Entered Level 5 of the Dungeon
  2941 | D:5      | Found Nytseask's Jewellery Boutique.
  3082 | D:5      | Reached * piety under Qazlal
  3242 | D:5      | Reached XP level 7. HP: 52/57 MP: 6/6
  3343 | D:5      | Noticed Blork the orc
  3349 | D:5      | Killed Blork the orc
  3505 | D:6      | Reached skill level 10 in Axes
  3576 | D:6      | Reached XP level 8. HP: 58/64 MP: 7/7
  3751 | D:6      | Found a glowing silver altar of Zin.
  4324 | D:7      | Found a runed translucent door.
  4325 | D:7      | Noticed Crazy Yiuf
  4370 | D:7      | Killed Crazy Yiuf
  4437 | D:7      | Noticed Menkaure
  4448 | D:7      | Killed Menkaure
  4698 | D:7      | Reached XP level 9. HP: 68/70 MP: 8/8
  4729 | D:7      | Reached ** piety under Qazlal
  5593 | D:8      | Noticed Psyche
  5605 | D:8      | Killed Psyche
  5863 | D:8      | Noticed Maggie
  5879 | D:8      | Killed Maggie
  5881 | D:8      | Reached skill level 15 in Axes
  6475 | D:9      | Noticed a two-headed ogre
  6480 | D:9      | Killed a two-headed ogre
  6480 | D:9      | Reached XP level 10. HP: 77/77 MP: 9/9
  6813 | D:9      | Noticed a two-headed ogre
  7152 | D:8      | Killed a two-headed ogre
  7549 | D:9      | Reached *** piety under Qazlal
  7678 | D:9      | Found a staircase to the Orcish Mines.
  7762 | D:9      | Reached skill level 1 in Dodging
  7768 | D:9      | Noticed a sea snake
  7778 | D:9      | Killed a sea snake
  7778 | D:9      | Reached skill level 5 in Shields
  8211 | D:10     | Entered Level 10 of the Dungeon
  8244 | D:10     | Noticed a two-headed ogre
  8259 | D:10     | Killed a two-headed ogre
  8259 | D:10     | Reached skill level 5 in Fighting
  8259 | D:10     | Reached skill level 5 in Armour
  8494 | D:10     | Found a staircase to the Lair.
  8842 | D:10     | Identified the cursed +3 rapier "Jarigap" {pierce, *Noise
                  | +Blink rPois Dex+8}
  8856 | D:10     | Reached XP level 11. HP: 78/88 MP: 10/10
  9214 | D:11     | Reached **** piety under Qazlal
  9430 | D:11     | Noticed a purple ugly thing
  9431 | D:11     | Noticed a green ugly thing
  9449 | D:12     | Noticed a white ugly thing
  9450 | D:12     | Killed a green ugly thing
  9461 | D:11     | Killed a brown ugly thing
  9836 | D:12     | Noticed a cyan ugly thing
  9860 | D:11     | Killed a cyan ugly thing
 10260 | D:12     | Reached skill level 5 in Dodging
 10687 | D:12     | Killed a white ugly thing
 10693 | D:12     | Noticed a red ugly thing
 10900 | D:12     | Killed a red ugly thing
 11452 | D:12     | Found Lamel's Serpentskin Sales.
 11727 | D:13     | Reached XP level 12. HP: 101/101 MP: 11/11
 11758 | D:13     | Noticed a centaur warrior
 11778 | D:13     | Killed a centaur warrior
 12155 | D:13     | Reached ***** piety under Qazlal
 12212 | D:13     | Noticed a centaur warrior
 12220 | D:13     | Killed a centaur warrior
 12225 | D:13     | Noticed a centaur warrior
 12232 | D:13     | Killed a centaur warrior
 12313 | D:13     | Noticed DerDa's ghost (journeyman VSFi)
 12316 | D:13     | Noticed a lich
 12428 | D:13     | Found a runed translucent door.
 12429 | D:13     | Found a runed translucent door.
 12429 | D:13     | Noticed a centaur warrior
 12472 | D:13     | Noticed Sonja
 12482 | D:13     | Killed Sonja
 12805 | D:13     | Noticed a five-headed hydra
 12830 | D:13     | Killed an 11-headed hydra
 12830 | D:13     | Reached skill level 10 in Shields
 13294 | D:13     | Noticed a frost giant
 13295 | D:13     | Noticed an iron giant
 13299 | D:13     | Noticed an acid blob
 13299 | D:13     | an iron giant changed into an acid blob
 13328 | D:13     | Noticed a golden dragon
 13328 | D:13     | Noticed a caustic shrike
 13328 | D:13     | a golden dragon changed into a caustic shrike
 13329 | D:13     | Noticed a golden dragon
 13329 | D:13     | a caustic shrike changed into a golden dragon
 13362 | D:13     | Noticed a satyr
 13363 | D:13     | a satyr changed into a slime creature
 13427 | D:14     | Noticed a two-headed ogre
 13435 | D:14     | Killed a two-headed ogre
 13468 | D:14     | Noticed a tengu warrior
 13491 | D:14     | Killed a tengu warrior
 13507 | D:14     | Reached skill level 10 in Armour
 13696 | D:14     | Reached skill level 10 in Fighting
 13792 | D:14     | Found a gate to the Vaults.
 13802 | D:14     | Got a shimmering ivory ring
 14433 | D:14     | Reached XP level 13. HP: 113/113 MP: 12/12
 14952 | D:15     | Entered Level 15 of the Dungeon
 15581 | D:15     | Noticed Josephine
 15593 | D:15     | Killed Josephine
 15755 | D:15     | Noticed Jorgrun
 15781 | D:15     | Killed Jorgrun
 15781 | D:15     | Reached skill level 10 in Dodging
 15959 | D:15     | Noticed a fire giant
 15963 | D:15     | Identified the ring "Poit" {rN+ Stlth+} (You found it on
                  | level 14 of the Dungeon)
 15965 | D:15     | HP: 3/116 [fire giant/fireball (39)]
 16807 | Lair:1   | Entered Level 1 of the Lair of Beasts
 17081 | Lair:1   | Reached ****** piety under Qazlal
 17780 | Lair:2   | Reached XP level 14. HP: 125/125 MP: 13/13
 17785 | Lair:2   | Found a frozen archway.
 17807 | IceCv    | Entered an ice cave
 18024 | IceCv    | Found a transporter.
 18052 | IceCv    | Found a transporter.
 18098 | IceCv    | Identified the Handbook of Doom
 19410 | Lair:3   | Found the +3 robe of Clouds {+Thunder rCloud rElec}
 19412 | Lair:3   | Noticed Ihumuem's ghost (journeyman DECj)
 19444 | Lair:3   | Found a runed translucent gate.
 19444 | Lair:3   | Found a runed translucent gate.
 19473 | Lair:3   | Found a runed translucent gate.
 19917 | Lair:3   | Killed Ihumuem's ghost
 19975 | Lair:4   | Found the +7 great mace "Undeadhunter" {disrupt, rN+}
 20053 | Lair:4   | Found a staircase to the Shoals.
 20128 | Lair:4   | Found a staircase to the Snake Pit.
 20333 | Lair:4   | Got a warped marble ring
 20335 | Lair:4   | Identified the ring of Enulai {Str+6 Dex+3 Stlth+} (You
                  | found it on level 4 of the Lair of Beasts)
 21333 | Lair:5   | Found a viscous altar of Jiyva.
 21333 | Lair:5   | Found a staircase to the Slime Pits.
 21426 | Lair:5   | Found a runed translucent gate.
 21426 | Lair:5   | Found a runed translucent gate.
 21429 | Lair:5   | Found a runed translucent gate.
 21429 | Lair:5   | Noticed Gargoyl's ghost (journeyman CeAK)
 21432 | Lair:5   | Found a viscous altar of Jiyva.
 21815 | Lair:6   | Entered Level 6 of the Lair of Beasts
 21897 | Lair:6   | Reached XP level 15. HP: 136/136 MP: 14/14
 22811 | Lair:6   | Got an ancient short sword
 22813 | Lair:6   | Identified the cursed +2 short sword "Votoz" {pain, Dex+2}
                  | (You found it on level 6 of the Lair of Beasts)
 23064 | Orc:1    | Entered Level 1 of the Orcish Mines
 23097 | Orc:1    | Found a roughly hewn altar of Beogh.
 23111 | Orc:1    | Found Witiunn's Gadget Emporium.
 23414 | Orc:2    | Entered Level 2 of the Orcish Mines
 23864 | Orc:2    | Found Paul's Book Boutique.
 23864 | Orc:2    | Noticed Erolcha
 23871 | Orc:2    | Killed Erolcha
 24258 | Orc:2    | Found a staircase to the Elven Halls.
 24311 | Orc:2    | Found Jalenwao's Jewellery Shoppe.
 24311 | Orc:2    | Found Ocadd's General Store.
 24312 | Orc:2    | Found Dosoenn's Book Shop.
 24312 | Orc:2    | Found Poawnor's Weapon Emporium.
 24319 | Orc:2    | Bought the ring "Fogoproa" {rF+ rC+ MR+ Str+4 Int+3} for
                  | 593 gold pieces
 24322 | Orc:2    | Bought a scroll of blinking for 105 gold pieces
 24698 | Snake:1  | Entered Level 1 of the Snake Pit
 24773 | Snake:1  | Noticed Frances
 24781 | Snake:1  | Killed Frances
 24872 | Snake:1  | Noticed Nikola
 24898 | Snake:1  | Killed Nikola
 24970 | Snake:1  | Identified Roxanne's Almanac of Earth
 24970 | Snake:1  | Noticed Roxanne
 24981 | Snake:1  | Reached skill level 15 in Shields
 25005 | Snake:1  | Reached XP level 16. HP: 27/147 MP: 15/15
 26183 | Snake:1  | Killed Roxanne
 26652 | Snake:2  | Reached skill level 15 in Armour
 26666 | Snake:2  | Reached skill level 15 in Fighting
 27107 | Snake:2  | Noticed CloudEater's ghost (adept GrEE)
 27132 | Snake:2  | Found a transporter.
 27307 | Snake:2  | Found a transporter.
 27584 | Snake:2  | Killed CloudEater's ghost
 27973 | Snake:3  | Noticed Azrael
 27988 | Snake:3  | Killed Azrael
 28072 | Snake:3  | Noticed Aizul
 28087 | Snake:3  | Killed Aizul
 28123 | Snake:3  | Noticed Vashnia
 28187 | Snake:3  | Killed Vashnia
 28187 | Snake:3  | Reached XP level 17. HP: 142/158 MP: 16/16
 28623 | Snake:4  | Entered Level 4 of the Snake Pit
 29475 | Snake:4  | Identified the +3 rapier "Nahel" {drain, Str+4}
 29643 | Snake:4  | Reached skill level 15 in Dodging
 29848 | Snake:4  | Got a serpentine rune of Zot
 30068 | Shoals:1 | Entered Level 1 of the Shoals
 30463 | Shoals:1 | Reached XP level 18. HP: 169/169 MP: 17/17
 32203 | Shoals:4 | Entered Level 4 of the Shoals
 32222 | Shoals:4 | Noticed Louise
 32224 | Shoals:4 | Noticed Polyphemus
 32247 | Shoals:4 | Killed Polyphemus
 32291 | Shoals:3 | Killed Louise
 32742 | Shoals:4 | Noticed Ilsuiw
 32759 | Shoals:4 | Killed Ilsuiw
 33209 | Shoals:4 | Reached XP level 19. HP: 68/179 MP: 18/18
 33758 | Shoals:4 | Identified a +2 pair of boots of running (You found it on
                  | level 4 of the Shoals)
 33772 | Shoals:4 | Got a barnacled rune of Zot
 33909 | Shoals:4 | Identified the Grimoire of the Entourage and Venom
 34465 | Elf:1    | Entered Level 1 of the Elven Halls
 34544 | Elf:1    | Found the +7 lajatang of Order {silver, rMut}
 34570 | Elf:1    | Reached skill level 1 in Throwing
 35526 | Elf:2    | Noticed Agnes
 35535 | Elf:2    | Killed Agnes
 35555 | Elf:2    | Reached skill level 5 in Throwing
 35710 | Elf:2    | Found a shimmering blue altar of Sif Muna.
 35746 | Elf:2    | Found a runed translucent gate.
 35746 | Elf:2    | Found a runed translucent gate.
 35746 | Elf:2    | Found a runed translucent gate.
 36593 | Elf:3    | Entered Level 3 of the Elven Halls
 36787 | Elf:3    | Identified the Volume of Conjuration
 36864 | Elf:3    | Reached XP level 20. HP: 170/189 MP: 19/19
 37111 | Elf:3    | Identified the +1 mace of Strategic Superiority {distort,
                  | +Fly Dex+9 Stlth-}
 37111 | Elf:3    | Identified the ring of Nihilism {*Tele rN+ SInv}
 37114 | Elf:3    | Cast into level 2 of the Abyss (a deep elf sorcerer)
 37340 | Elf:3    | Escaped the Abyss
 37827 | Elf:3    | Identified the cursed +1 dire flail "Muruotev" {venom,
                  | +Rage Str+2}
 37870 | Elf:3    | Cast into level 3 of the Abyss (a deep elf sorcerer)
 37883 | Abyss:3  | Paralysed by accursed screaming for 1 turns
 37998 | Abyss:3  | HP: 5/152 [meliai/divine providence (10)]
 37998 | Abyss:3  | Killed from afar by a meliai

Levels and vault maps discovered:
D:1:      saegor_arrival_under_anarchy, layout_rooms, chequers_jeans
D:2:      layout_basic, first_ration, uniq_jessica
D:3:      layout_basic, grunt_ministairs_15
D:4:      layout_rooms, minmay_temple_entry_arrows,
          minmay_misc_feat_more_columns, okawaru_ov_weapons_minmay
D:5:      layout_loops_ring, serial_shops, nicolae_shop_statue_plus,
          uniq_blork_the_orc
D:6:      layout_gridville, lemuel_round_altar, st_stairs_7, minmay_between
D:7:      layout_loops_ring, uniq_crazy_yiuf_cottage, uniq_menkaure
D:8:      layout_loops_ring, uniq_maggie, uniq_psyche
D:9:      minmay_chambers_of_sevens, layout_small_grid, orc_0_dummy
D:10:     layout_long_grid, lair_entry_dummy
D:11:     layout_big_octagon, the_bakery
D:12:     layout_cave_pools, nicolae_twisting_strands, guppyfry_shop_venom
D:13:     layout_loops_ring, gauntlet_entry_generic,
          muffindrake_ghost_dual_entry, uniq_sonja
D:14:     layout_stronghold, erik_vaults_1, dk_noncrumbling_3, corner_web_ring
D:15:     grunt_enter_depths_giant_problem, layout_stronghold,
          serial_bayou_pond_d, uniq_josephine, uniq_jorgrun
Temple:   kilobyte_greek_temple
Lair:1:   layout_cave_pods
Lair:2:   layout_regular_city, portal_ice_cave_demonic_guard,
          serial_bayou_pond_b
Lair:3:   layout_roguey, gammafunk_ghost_split, st_stairs_9
Lair:4:   statuecave_lemuel, layout_loops_ring, elwin_shoals_entry_stream,
          minmay_snake_entry_guardpost_small
Lair:5:   layout_cave_pods, dpeg_slime_entry_enclosed_altar,
          gammafunk_ghost_ooze
Lair:6:   due_jungle_book, layout_loops_ring, minivault_24, grunt_megastairs_3
Shoals:1: layout_shoals, nicolae_shoals_loop_pool
Shoals:2: layout_shoals
Shoals:3: layout_shoals
Shoals:4: shoals_end_simple, layout_shoals, shoals_ilsuiw_alternative,
          uniq_polyphemus, uniq_louise
Snake:1:  layout_gridlike, uniq_nikola, uniq_frances, uniq_roxanne
Snake:2:  layout_basic, gammafunk_ghost_arena
Snake:3:  layout_misc_corridors, grunt_ministairs_5, grunt_megastairs_2,
          serial_bayou_shore_a, uniq_aizul, uniq_vashnia, uniq_azrael
Snake:4:  snake_pit_salamanders_mu, layout_cave_town
Orc:1:    layout_caves, serial_shops, shop, mines2_david
Orc:2:    st_orc_ogre_mass, layout_diamond_mine, serial_shops,
          nicolae_shop_stone, uniq_erolcha
Elf:1:    layout_loops_ring, minivault_28
Elf:2:    layout_onion_city, tgw_sif, uniq_agnes
Elf:3:    minmay_elf_hall_spiked, layout_gridlike, minmay_elf_annihilation
Abyss:3:  base: Depths:3, grunt_abyss_rune_wretched_hive,
          hangedman_abyss_or_decor_stabs

Skill      XL: |  1  2  3  4  5  6  7  8  9 10 11 12 13 14 15 16 17 18 19 20 |
---------------+-------------------------------------------------------------+-----
Axes           | 3 4 5 7 9 10 13 16 17 18 | 18.0
Shields        | 4 5 8 10 12 13 15 16 17 18 19 | 19.4
Dodging        | 3 6 8 10 12 13 14 15 16 17 | 17.6
Fighting       | 5 8 10 11 13 14 15 17 18 19 | 19.2
Armour         | 5 8 10 11 13 14 16 17 18 19 | 19.2
Throwing       | 7 9 |  9.0

Action                   |  1- 3 |  4- 6 |  7- 9 | 10-12 | 13-15 | 16-18 | 19-21 || total
-------------------------+-------+-------+-------+-------+-------+-------+-------++-------
Melee: Dagger            |    90 |   154 |       |       |       |       |       ||   244
       War axe           |     7 |     5 |    63 |   672 |  1107 |  1180 |   717 ||  3751
       Headbutt          |    22 |    45 |    78 |   140 |   341 |   409 |   258 ||  1293
       Hand axe          |       |    50 |   243 |       |       |       |       ||   293
       Morningstar       |       |       |       |       |    58 |       |       ||    58
       Broad axe         |       |       |       |       |       |   159 |     4 ||   163
Throw: Dart              |       |       |     8 |       |       |     3 |       ||    11
       Throwing net      |       |       |       |       |       |     2 |       ||     2
       Boomerang         |       |       |       |       |       |       |    18 ||    18
       Javelin           |       |       |       |       |       |       |     2 ||     2
 Abil: Evoke Invisibilit |       |       |       |       |       |     1 |       ||     1
Evoke: Wand              |       |       |       |       |       |     1 |       ||     1
  Use: Potion            |       |       |     4 |     4 |     1 |     8 |     1 ||    18
       Scroll            |       |       |    18 |       |    12 |     2 |     8 ||    40
 Stab: Invisible         |       |       |       |       |       |    11 |       ||    11
       Held in net/web   |       |       |       |       |       |     2 |       ||     2
  Eat: Chunk             |       |     6 |    13 |    12 |    25 |    18 |     9 ||    83
       Ration            |       |       |       |     5 |     3 |     3 |     2 ||    13
Armor: Scale mail        |    40 |    78 |    60 |   213 |   114 |       |       ||   505
       Swamp dragon scal |       |       |       |       |    32 |   150 |    64 ||   246
Dodge: Dodged            |    25 |    61 |    41 |   179 |   413 |   424 |   159 ||  1302
       Deflected         |       |       |       |    12 |     7 |    76 |    18 ||   113
Block: Shield            |    44 |    96 |   153 |   478 |  1084 |   356 |       ||  2211
       Reflection        |       |       |       |       |    27 |   220 |    98 ||   345
       Large shield      |       |       |       |       |       |  1586 |   847 ||  2433

Table legend:
 A = Non-vault XP
 B = Vault XP
 C = Vault XP percentage of total XP
 D = Non-vault monster count
 E = Vault monster count
 F = Vault count percentage of total count
                 A         B        C        D         E       F
            +---------+---------+-------+---------+---------+-------
      Total |  285644 |  243666 |  46.0 |     931 |     356 |  27.7
            +---------+---------+-------+---------+---------+-------
        D:1 |      24 |       0 |   0.0 |      11 |       0 |   0.0
        D:2 |      47 |       0 |   0.0 |      13 |       0 |   0.0
        D:3 |      44 |       2 |   4.3 |      19 |       2 |   9.5
        D:4 |     350 |       0 |   0.0 |      19 |       0 |   0.0
        D:5 |     425 |      90 |  17.5 |      15 |       1 |   6.2
        D:6 |     955 |     310 |  24.5 |      20 |       4 |  16.7
        D:7 |     738 |     216 |  22.6 |      25 |       2 |   7.4
        D:8 |     741 |    1881 |  71.7 |      16 |       4 |  20.0
        D:9 |    2003 |    1799 |  47.3 |      21 |      10 |  32.3
       D:10 |    1650 |       0 |   0.0 |      27 |       0 |   0.0
       D:11 |    4089 |     215 |   5.0 |      32 |       1 |   3.0
       D:12 |    6317 |      16 |   0.3 |      35 |       3 |   7.9
       D:13 |    9488 |     802 |   7.8 |      48 |       1 |   2.0
       D:14 |    6948 |    1524 |  18.0 |      31 |       2 |   6.1
       D:15 |   12253 |    4987 |  28.9 |      30 |       6 |  16.7
     Lair:1 |    6161 |       0 |   0.0 |      27 |       0 |   0.0
     Lair:2 |    6184 |    1712 |  21.7 |      35 |       4 |  10.3
     Lair:3 |    3249 |    3473 |  51.7 |      11 |       9 |  45.0
     Lair:4 |    5270 |    1979 |  27.3 |      14 |       7 |  33.3
     Lair:5 |    8030 |       0 |   0.0 |      32 |       0 |   0.0
     Lair:6 |   14776 |    4731 |  24.3 |      35 |      13 |  27.1
   Shoals:1 |    9817 |       0 |   0.0 |      23 |       0 |   0.0
   Shoals:2 |   13418 |       0 |   0.0 |      31 |       0 |   0.0
   Shoals:3 |   23982 |    1639 |   6.4 |      41 |       1 |   2.4
   Shoals:4 |   19079 |   33749 |  63.9 |      38 |      47 |  55.3
    Snake:1 |   11778 |    7994 |  40.4 |      27 |       3 |  10.0
    Snake:2 |   14494 |    8539 |  37.1 |      29 |      10 |  25.6
    Snake:3 |   20825 |   17189 |  45.2 |      35 |      25 |  41.7
    Snake:4 |   13210 |   47359 |  78.2 |      20 |      68 |  77.3
      Orc:1 |     955 |     905 |  48.7 |      15 |       3 |  16.7
      Orc:2 |    3061 |   18059 |  85.5 |      31 |      36 |  53.7
      Elf:1 |   26700 |    6837 |  20.4 |      41 |      12 |  22.6
      Elf:2 |   13737 |   23847 |  63.4 |      23 |      28 |  54.9
      Elf:3 |   10618 |   44480 |  80.7 |      17 |      33 |  66.0
    Abyss:2 |    9561 |       0 |   0.0 |      27 |       0 |   0.0
    Abyss:3 |    4667 |    6887 |  59.6 |      17 |      11 |  39.3
      IceCv |       0 |    2445 | 100.0 |       0 |      10 | 100.0
            +---------+---------+-------+---------+---------+-------
